 Dungeon Crawl Stone Soup version 0.29-a0-304-gb34f9e1 (webtiles) character file.

Game seed: 3102344956508719589

39 Think the Sneak (level 3, 0/24 HPs)
             Began as an Octopode Brigand on Mar 26, 2022.
             Slain by a goblin
             ... wielding a +0 dagger
              (3 damage)
             ... on level 2 of the Dungeon.
             The game lasted 00:01:33 (1084 turns).

Think the Sneak (Octopode Brigand)                  Turns: 1084, Time: 00:01:33

Health: 0/24       AC:  1    Str: 10    XL:     3   Next: 47%
Magic:  3/3        EV: 12    Int: 13    God:
Gold:   52         SH:  0    Dex: 15    Spells: 2/2 levels left

rFire   . . .      SeeInvis .   a - +2 dagger
rCold   . . .      Faith    .   (no shield)
rNeg    . . .      Spirit   .   (helmet restricted)
rPois   .          Reflect  .   (no amulet)
rElec   .          Harm     .   (no ring)
rCorr   .          Rampage  .   (no ring)
Will    .....                   (no ring)
Stlth   ++++......              (no ring)
HPRegen 0.08/turn               (no ring)
MPRegen 0.08/turn               (no ring)
                                (no ring)
                                (no ring)

@: no status effects
A: almost no armour, amphibious, 8 rings, camouflage 1, gelatinous body 1,
(nimble swimmer 1), tentacles
a: no special abilities


You were on level 2 of the Dungeon.
You visited 1 branch of the dungeon, and saw 2 of its levels.

You collected 52 gold pieces.

Inventory:

Hand Weapons
 a - a +2 dagger (weapon)
Missiles
 b - 9 poisoned darts (quivered)
 c - 3 curare-tipped darts
Scrolls
 e - a scroll of identify {unknown}
 f - a scroll of teleportation {unknown}
 g - a scroll of magic mapping {unknown}
 h - a scroll of vulnerability {unknown}
 j - a scroll of immolation {unknown}
Potions
 d - 2 potions of curing {unknown}
 i - a potion of lignification {unknown}


   Skills:
 - Level 2.0 Fighting
 + Level 3.8 Short Blades
 - Level 2.0 Throwing
 - Level 1.0 Dodging
 - Level 5.3 Stealth


You had 2 spell levels left.
You didn't know any spells.
Your spell library was empty.

Dungeon Overview and Level Annotations

Branches:
Dungeon (2/15)

Altars:

Annotations:
D:2 Natasha


Innate Abilities, Weirdness & Mutations

You cannot wear most types of armour.
You are amphibious.
You can wear up to eight rings at the same time.
Your skin changes colour to match your surroundings (Stealth+).
Your rubbery body absorbs attacks. (AC +1, EV +1)
((You are camouflaged when in or above water. (Stealth+)))
You have tentacles for arms and can constrict up to eight enemies at once.


Message History

You constrict the goblin.
You kill the goblin!
You see here a +0 club.
The hobgoblin hits you but does no damage.
You hit the hobgoblin. You grab the hobgoblin.
The hobgoblin is severely wounded.
You constrict the hobgoblin, but do no damage.
The hobgoblin barely misses you.
You hit the hobgoblin.
You kill the hobgoblin!
No target in view!
Unknown command.
Found a robe.
Natasha, Servant of Life and Death comes into view.
She is carrying a wand of flame (28).
Natasha hisses angrily.
Natasha moves out of view.
A goblin comes into view. It is wielding a +0 dagger.
You see here a lumpy blue potion.
A goblin is nearby!
A goblin is nearby!
A goblin is nearby!
Natasha barely misses you.
You closely miss Natasha. Your grab misses Natasha.
The goblin hits you with a +0 dagger.
Natasha zaps a wand.
The puff of flame hits you!
You hit Natasha but do no damage. You grab Natasha.
You constrict Natasha, but do no damage.
You hit Natasha but do no damage. You constrict Natasha.
Natasha completely misses you. The goblin hits you with a +0 dagger.
You hit Natasha but do no damage.
Natasha is lightly wounded.
You constrict Natasha. Natasha claws you. The goblin closely misses you.
You are too injured to fight recklessly!
You are too injured to fight recklessly!
You hit Natasha but do no damage.
Natasha is lightly wounded.
You constrict Natasha. Natasha claws you.
* * * LOW HITPOINT WARNING * * *
The goblin hits you with a +0 dagger.
You die...

#.###.# #.#
#.## #.#
#..# #.#
##.## ..
#..#
.#####.###
.....#...##
#...##!.#
#.#..@#.#
#....gh....#
##....#..###
#......#.#
..[##.#. .#
.### #. ##..
#. ... .. ##


You could see Natasha and a goblin.

Vanquished Creatures
  A gnoll (D:1)
  A dart slug (D:1)
  3 endoplasms (D:1)
  A giant cockroach (D:1)
  A hobgoblin (D:2)
  4 jackals (D:1)
  2 quokkas (D:1)
  2 ball pythons (D:1)
  2 bats (D:1)
  A frilled lizard (D:1)
  4 goblins
  2 kobolds (D:1)
  A rat (D:1)
25 creatures vanquished.

Notes
Turn   | Place    | Note
-------+----------+-------------------------------------------
     0 | D:1      | Think the Octopode Brigand began the quest for the Orb.
     0 | D:1      | Reached XP level 1. HP: 14/14 MP: 1/1
    33 | D:1      | Reached XP level 2. HP: 15/19 MP: 2/2
   370 | D:1      | Reached XP level 3. HP: 24/24 MP: 3/3
  1077 | D:2      | Noticed Natasha
  1084 | D:2      | Slain by a goblin

Illustrated notes

Levels and vault maps discovered:
D:1:      eino_arrival_tree_alley, layout_loops_ring, chequers_big_river,
          chequers_serial_rivers_large_b
D:2:      layout_rooms, chequers_ecumenical_altar_simple,
          minmay_fractal_squares_5, uniq_natasha

Skill      XL: |  1  2 |
---------------+-------+-----
Short Blades   | 3 |  3.8
Fighting       | |  2.0
Throwing       | |  2.0
Dodging        | |  1.0
Stealth        | |  5.3

Action                   || total
-------------------------++-------
Melee: Dagger            ||    51
       Constrict         ||    15
       Tentacles         ||     7
 Stab: Sleeping          ||     8
Armor: Skin              ||     4
Dodge: Dodged            ||    34

Table legend: (Time is in decaauts)
 A = Elapsed time spent in this place.
 B = Non-inter-level travel time spent in this place.
 C = Inter-level travel time spent in this place.
 D = Time resting spent in this place.
 E = Time spent auto-exploring this place.
 F = Levels seen in this place.
 G = Mean time per level.
                   A        B        C        D        E       F      G
               +--------+--------+--------+--------+--------+-----+--------+
         Total |   1075 |   1050 |     25 |    157 |    746 |   2 |  537.5 |
       Dungeon |   1075 |   1050 |     25 |    157 |    746 |   2 |  537.5 |
               +--------+--------+--------+--------+--------+-----+--------+

Top non-repeatable levels by time:
     D:1: 1042 daAuts
     D:2: 33 daAuts
